 Dungeon Crawl Stone Soup version 0.13.0-21-ge43020b (webtiles) character file.

136 MDvedh the Insei (level 3, -2/28 HPs)
             Began as a Demonspawn Monk on Oct 26, 2013.
             Slain by an orc
             ... wielding a cursed +0,+0 orcish hand axe
              (4 damage)
             ... on Level 2 of the Dungeon.
             The game lasted 00:03:30 (2048 turns).

MDvedh the Insei (Demonspawn Monk)                  Turns: 2048, Time: 00:03:30

HP  -2/28        AC  2     Str 11      XL: 3   Next: 87%
MP   2/2         EV 13     Int 11      God:
Gold 73          SH  0     Dex 16      Spells:  0 memorised,  2 levels left

Res.Fire  : . . .   See Invis. : .     - Unarmed
Res.Cold  : . . .   Warding    : .   a - +0 robe
Life Prot.: . . .   Conserve   : .   (no shield)
Res.Poison: .       Res.Corr.  : .   (helmet restricted)
Res.Elec. : .       Clarity    : .   (no cloak)
Sust.Abil.: . .     Spirit.Shd : .   (no gloves)
Res.Mut.  : .       Stasis     : .   (no boots)
Res.Rott. : .       Flight     : .   (no amulet)
Saprovore : . . .                    (no ring)
                                     (no ring)

@: not resistant to hostile enchantments, fairly stealthy
A: horns 1, powered by pain 1
a: no special abilities


You were on level 2 of the Dungeon.
You were hungry.

You visited 1 branch of the dungeon, and saw 3 of its levels.

You collected 73 gold pieces.

Inventory:

Armour
 a - a +0 robe (worn)
Comestibles
 b - 2 bread rations
 j - a meat ration
Scrolls
 c - a scroll of recharging {unknown}
 d - 3 scrolls of remove curse {unknown}
 e - a scroll of fog {unknown}
 h - 3 scrolls of identify {unknown}
 k - a scroll of blinking {unknown}
 l - a scroll of noise {unknown}
 m - a scroll of curse armour {unknown}
Jewellery
 i - an uncursed amulet of clarity {unknown}
Potions
 f - 2 potions of flight
 g - a potion of speed


   Skills:
 - Level 3.0 Fighting
 - Level 1.4 Armour
 - Level 2.6 Dodging
 - Level 1.7 Stealth
 + Level 4.6 Unarmed Combat


You had 2 spell levels left.
You didn't know any spells.

Dungeon Overview and Level Annotations

Branches:
Dungeon (3/27)

Altars:
Cheibriados


Innate Abilities, Weirdness & Mutations

You have a pair of small horns on your head.
You sometimes gain a little power by taking damage.


Message History

You hit the orc priest but do no damage.
The orc priest barely misses you. The orc closely misses you.
You hit the orc priest. You headbutt the orc priest.
The orc priest is lightly wounded.
The orc priest looks braver.
You closely miss the orc priest. You headbutt the orc priest.
The orc priest is moderately wounded.
The orc hits you with an orcish hand axe.
* * * LOW HITPOINT WARNING * * *
Unknown command.
You hit the orc priest but do no damage.
The orc priest is moderately wounded.
The orc priest completely misses you. The orc closely misses you.
Unknown command.
You hit the orc priest but do no damage.
The orc priest is moderately wounded.
The orc priest hits you with an orcish flail.
* * * LOW HITPOINT WARNING * * *
The orc hits you with an orcish hand axe.
You die...

##.#...###.##...# #...# #####
...#######.##...###...#####...#
.........................%....#
...#####...##...##...##...#...#
(..##......##...##...##...##.####
....#%.....##...##...##...##....#
.............######.########....#
....#...##.#.######...# #....#
...##...##...#.o@##...# #.####
)..##...##...#..o##...# #.#
%%..................### #.#
########.....#...##.# #)#
...#####.....#...##.##### #.#
...#...#........###.#...####.###
...#...#...#.#.#.#.#.#.#.#.#.#.#
####...#...#..)................#
.............#.#.#.#.#.#.#.#.#.#


You could see an orc priest and an orc.

Vanquished Creatures
  2 adders (D:2)
  3 giant geckos
  5 bats
  4 giant cockroaches
  8 goblins
  3 hobgoblins
  2 jackals (D:1)
  4 kobolds
  2 quokkas
  4 giant newts
  8 rats
45 creatures vanquished.

Notes
Turn   | Place    | Note
--------------------------------------------------------------
     0 | D:1      | MDvedh, the Demonspawn Monk, began the quest for the Orb.
     0 | D:1      | Reached XP level 1. HP: 16/16 MP: 0/0
    35 | D:1      | Reached skill level 1 in Armour
   104 | D:1      | Gained mutation: You have a pair of small horns on your head. [demonic ancestry]
   104 | D:1      | Reached XP level 2. HP: 22/22 MP: 1/1
   632 | D:1      | Reached skill level 4 in Unarmed Combat
   966 | D:2      | Gained mutation: You sometimes gain a little power by taking damage. [demonic ancestry]
   966 | D:2      | Reached XP level 3. HP: 25/28 MP: 2/2
  1850 | D:3      | Found a snail-covered altar of Cheibriados.
  2048 | D:2      | Slain by an orc

Action                   || total
-------------------------++-------
Melee: Unarmed           ||   146
  Use: Potion            ||     3
 Stab: Sleeping          ||     4
